 Dungeon Crawl Stone Soup version 0.29-a0-219-g0a02b1cf4f (webtiles) character file.

Game seed: 776428776850001018

7 Anon1729 the Skirmisher (level 1, -1/19 HPs)
             Began as a Draconian Monk on Feb 25, 2022.
             Slain by a goblin
             ... wielding a +0 dagger
              (3 damage)
             ... on level 2 of the Dungeon.
             The game lasted 00:00:31 (783 turns).

Anon1729 the Skirmisher (Draconian Monk)             Turns: 783, Time: 00:00:31

Health: -1/19      AC:  5    Str: 13    XL:     1   Next: 91%
Magic:  1/1        EV: 12    Int: 10    God:
Gold:   48         SH:  0    Dex: 13    Spells: 0/0 levels left

rFire   . . .      SeeInvis .   a - +0 falchion
rCold   . . .      Faith    .   (no shield)
rNeg    . . .      Spirit   .   (body armour unavailable)
rPois   .          Reflect  .   (helmet restricted)
rElec   .          Harm     .   (no cloak)
rCorr   .          Rampage  .   g - +0 pair of gloves
Will    .....                   (no boots)
Stlth   ++........              (no amulet)
HPRegen 0.06/turn               (no ring)
MPRegen 0.07/turn               (no ring)

@: lethally poisoned (-1 -> -5)
A: AC +4, unfitting armour, cold-blooded
a: no special abilities


You were on level 2 of the Dungeon.
You visited 1 branch of the dungeon, and saw 2 of its levels.

You collected 48 gold pieces.

Inventory:

Hand Weapons
 a - a +0 falchion (weapon)
Armour
 g - a +0 pair of gloves (worn)
Jewellery
 f - an amulet of magic regeneration
Potions
 b - a potion of flight {unknown}
 c - a potion of mutation {unknown}
 d - 2 potions of lignification {unknown}
 e - 2 potions of curing {unknown}
 h - 2 potions of brilliance {unknown}


   Skills:
 + Level 3.4 Fighting
 + Level 3.1 Long Blades
 + Level 2.8 Dodging
 + Level 2.0 Stealth


You couldn't memorise any spells.
You didn't know any spells.
Your spell library was empty.

Dungeon Overview and Level Annotations

Branches:
Dungeon (2/15)

Altars:


Innate Abilities, Weirdness & Mutations

Your plain brown scales are hard. (AC +4)
You cannot fit into any form of body armour.
You are cold-blooded and may be slowed by cold attacks.


Message History

No target in view!
No target in view!
No target in view!
No target in view!
You now have 48 gold pieces (gained 14).
An adder comes into view.
An adder is nearby!
The adder hisses angrily.
You hear a shout!
A goblin comes into view. It is wielding a +0 dagger.
Found a stone staircase leading up.
The adder barely misses you.
You hit the adder.
The adder is moderately wounded.
The adder bites you but does no damage.
You closely miss the adder.
Your tail-slap misses the adder.
You punch the adder.
The adder is severely wounded.
The adder bites you but does no damage. The adder bites you.
You are poisoned.
The adder poisons you!
You hit the adder.
The adder is severely wounded.
You feel sick. The adder bites you.
You closely miss the adder.
Your tail-slap misses the adder.
The adder is severely wounded.
You feel sick. The adder barely misses you. The adder bites you.
You are more poisoned.
The adder poisons you! The goblin barely misses you.
You are too injured to fight recklessly!
You are too injured to fight recklessly!
You are too injured to fight recklessly!
You are too injured to fight recklessly!
You are too injured to fight recklessly!
You are too injured to fight recklessly!
There are monsters nearby!
You miss the adder.
Your tail-slap misses the adder.
The adder is severely wounded.
You feel sick. The adder bites you.
* * * LOW HITPOINT WARNING * * *
The goblin hits you with a +0 dagger.
You die...

##......###.............#
#.......# #.##.###.####.#
#.......# #.##.....# #.#
#.......###.######.# #<#
.........##.# ### ###
.........##.#
..##.....##.#
..#.........# #.....@####
#.....Sg...<#
#...........#
#...........#
.............#
.............#
.............#
........######


You could see an adder and a goblin.

Vanquished Creatures
  2 endoplasms (D:1)
  A goblin (D:1)
  2 frilled lizards
  A kobold (D:1)
  2 rats (D:1)
8 creatures vanquished.

Notes
Turn   | Place    | Note
-------+----------+-------------------------------------------
     0 | D:1      | Anon1729 the Draconian Monk began the quest for the Orb.
     0 | D:1      | Reached XP level 1. HP: 19/19 MP: 1/1
   783 | D:2      | Slain by a goblin

Illustrated notes

Levels and vault maps discovered:
D:1:      dpeg_arrival_castle, layout_basic
D:2:      layout_basic, serial_shops, nicolae_lakefront_shop,
          ebering_ecumenical_altar_rust

Skill      XL: |  1 |
---------------+----+-----
Stealth        | 2 |  2.0
Fighting       | |  3.4
Long Blades    | |  3.1
Dodging        | |  2.8

Action                   || total
-------------------------++-------
Melee: Falchion          ||    24
       Tailslap          ||     3
       Punch             ||     1
 Stab: Sleeping          ||     2
Armor: Skin              ||     4
Dodge: Dodged            ||    11

Table legend: (Time is in decaauts)
 A = Elapsed time spent in this place.
 B = Non-inter-level travel time spent in this place.
 C = Inter-level travel time spent in this place.
 D = Time resting spent in this place.
 E = Time spent auto-exploring this place.
 F = Levels seen in this place.
 G = Mean time per level.
                   A        B        C        D        E       F      G
               +--------+--------+--------+--------+--------+-----+--------+
         Total |    792 |    781 |     11 |      4 |    682 |   2 |  396.0 |
       Dungeon |    792 |    781 |     11 |      4 |    682 |   2 |  396.0 |
               +--------+--------+--------+--------+--------+-----+--------+

Top non-repeatable levels by time:
     D:1: 752 daAuts
     D:2: 39 daAuts
